 Dungeon Crawl Stone Soup version 0.28.0-47-ge53b351184 (webtiles) character file.

Game seed: 13431051718443848172

16 FreshCat the Slasher (level 2, 29/29 HPs)
             Began as a Gnoll Cinder Acolyte on Feb 17, 2022.
             Was a High Priest of Ignis.
             Quit the game on level 1 of the Dungeon on May 6, 2022.
             The game lasted 00:02:24 (575 turns).

FreshCat the Slasher (Gnoll Cinder Acolyte)          Turns: 575, Time: 00:02:25

Health: 29/29      AC:  9    Str: 13    XL:     2   Next: 54%
Magic:  5/5        EV: 11    Int: 13    God:    Ignis [*****.]
Gold:   34         SH:  0    Dex:  7    Spells: 6/6 levels left

rFire   + . .      SeeInvis .   a - -1 falchion (flame)
rCold   . . .      Faith    .   (no shield)
rNeg    . . .      Spirit   .   b - +0 robe
rPois   .          Reflect  .   (no helmet)
rElec   .          Harm     .   (no cloak)
rCorr   .          Rampage  .   (no gloves)
Will    +....                   (no boots)
Stlth   +.........              (no amulet)
HPRegen 0.09/turn               d - ring of willpower
MPRegen 0.09/turn               (no ring)

@: fiery-armoured
A: fangs 1, strong nose, distributed training
a: Renounce Religion, Fiery Armour, Foxfire Swarm, Rising Flame


You were on level 1 of the Dungeon.
You worshipped Ignis.
Ignis was extremely pleased with you.
You visited 1 branch of the dungeon, and saw 2 of its levels.

You collected 34 gold pieces.

Inventory:

Hand Weapons
 a - a -1 falchion of flaming (weapon)
Missiles
 c - 23 stones (quivered)
 h - 17 arrows
Armour
 b - a +0 robe (worn)
Jewellery
 d - a ring of willpower (left hand)
Scrolls
 e - a scroll of enchant armour {unknown}
Potions
 f - 2 potions of flight {unknown}
 g - a potion of mutation {unknown}


   Skills:
 + Level 6.5 Fighting
 + Level 0.4 Short Blades
 + Level 6.5 Long Blades
 + Level 0.4 Axes
 + Level 0.4 Maces & Flails
 + Level 0.4 Polearms
 + Level 0.4 Staves
 + Level 0.4 Slings
 + Level 0.4 Bows
 + Level 0.4 Crossbows
 + Level 0.4 Throwing
 + Level 0.4 Armour
 + Level 0.4 Dodging
 + Level 0.4 Stealth
 + Level 0.4 Shields
 + Level 0.4 Unarmed Combat
 + Level 2.7 Spellcasting
 + Level 0.2 Conjurations
 + Level 0.2 Hexes
 + Level 0.2 Summonings
 + Level 0.2 Necromancy
 + Level 0.2 Translocations
 + Level 0.2 Transmutations
 + Level 5.3 Fire Magic
 + Level 0.2 Ice Magic
 + Level 0.2 Air Magic
 + Level 0.2 Earth Magic
 + Level 0.2 Poison Magic
 + Level 0.5 Invocations
 + Level 0.4 Evocations


You had 6 spell levels left.
You didn't know any spells.
Your spell library contained the following spells:

 Spells                   Type           Power      Damage    Failure   Level
 Scorch                   Fire           30%        2d7       4%          2


Dungeon Overview and Level Annotations

Branches:
Dungeon (2/15)

Altars:


Innate Abilities, Weirdness & Mutations

You have very sharp teeth.
Your uncanny sense of smell can sniff out nearby items.
Your experience applies equally to all skills.


Message History

The kobold is burned by your cloak of flames.
You kill the kobold!
No target in view!
c - 20 stones (gained 5)
Things that are here:
a +0 dagger; a kobold corpse
c - 21 stones (gained 1)
Found 17 arrows.
c - 22 stones (gained 1)
c - 23 stones (gained 1)
g - a black potion A goblin comes into view.
It is wielding a +0 dagger.
The goblin shouts!
You closely miss the goblin. Your bite misses the goblin. You hit the goblin.
You burn the goblin.
The goblin is severely wounded.
The goblin hits you but does no damage.
The goblin is burned by your cloak of flames.
You kill the goblin!
An endoplasm comes into view.
Things that are here:
a +0 dagger; a goblin corpse The endoplasm quivers.
You hit the endoplasm. You burn the endoplasm.
You kill the endoplasm!
No target in view!
Things that are here:
a +0 dagger; a goblin corpse You see here 17 arrows.
h - 17 arrows
Things that are here:
a +0 dagger; a kobold corpse Saving game... please wait.
Welcome back, FreshCat the Gnoll Cinder Acolyte.
The flames of Ignis gently warm you.
Press ? for a list of commands and other information.
Welcome back, FreshCat the Gnoll Cinder Acolyte.
The flames of Ignis gently warm you.
Press ? for a list of commands and other information.
Are you sure you want to abandon this character and quit the game? (Confirm with "yes".)

#.#
#.#.##..............#
#.#
#.#.##..............#
#.
#.#.###.#########...#
#.#.....# #...#
..#####.# #...#
#######.#########...#
....................#
#######.##########..#
#..@####.......#
#........####.##
#...#########.#
##............#
##############


There were no monsters in sight!

Vanquished Creatures
  A ball python (D:1)
  A bat (D:1)
  2 endoplasms (D:1)
  2 giant cockroaches (D:1)
  3 goblins (D:1)
  2 kobolds (D:1)
  A rat (D:1)
12 creatures vanquished.

Notes
Turn   | Place    | Note
-------+----------+-------------------------------------------
     0 | D:1      | FreshCat the Gnoll Cinder Acolyte began the quest for the
                  | Orb.
     0 | D:1      | Reached XP level 1. HP: 23/23 MP: 4/4
   382 | D:1      | Reached XP level 2. HP: 28/29 MP: 5/5
   575 | D:1      | Upgraded the game from 0.28.0 to 0.28.0-43-g3370ac3207
   575 | D:1      | Upgraded the game from 0.28.0-43-g3370ac3207 to
                  | 0.28.0-47-ge53b351184
   575 | D:1      | Quit the game

Illustrated notes

Levels and vault maps discovered:
D:1:      elethiomel_arrival_shortcut, layout_loops_ring, serial_shops,
          nicolae_shop_trees, grunt_decor_resistance
D:2:      layout_basic, serial_glass, glass_columns_a, glass_columns_b,
          item_on_display_a, hangedman_decor_diamond_cutter

Action                   || total
-------------------------++-------
Melee: Falchion          ||    34
       Bite              ||     3
Throw: Stone             ||     9
Invok: Fiery Armour      ||     1
Armor: Robe              ||     8
Dodge: Dodged            ||    19
